AoeStats
← sovietdurak

Nomad

509538514Analyzed
4v4 RM · 5d ago on Sep 27, 2026· 32m 15s· 8 players
Game mode
Random Map
Map size
231×231
Population
200
Speed
Normal
Resources
Standard
Victory
Conquest
Starting age
Dark Age
Ending age
Imperial Age
RankedLock teamsTeams togetherTeam positionsShared explorationLock speedFull tech treeHidden civsTurbo modeCheats
Victory
Defeat
🇨🇳 Persians · China
1297
+15
🇮🇳 Ethiopians · India
1292
+15
🇨🇳 Portuguese · China
1248
+17
🇩🇪 Mongols · Germany
1180
+20
🇨🇦 Armenians · Canada
1291
-18
🇨🇦 Chinese · Canada
1276
-17
🇮🇳 Inca · India
1254
-16
🇺🇸 Tatars · United States
1254
-16
Abhinav
3:20 Loom
12:55 Feudal Age
14:29 Double-Bit Axe
16:56 Castle Age
14:49 Double-Bit Axe
17:31 Fletching
17:42 Crossbowman
28:06 Wheelbarrow
29:53 Thumb Ring
sovietdurak
5:48 Loom
14:47 Feudal Age
18:47 Castle Age
17:44 Fletching
17:55 Double-Bit Axe
20:32 Wheelbarrow
22:15 Town Watch
26:20 Hand Cart
maharaja2020
4:11 Loom
14:59 Feudal Age
19:09 Castle Age
20:13 Fletching
20:13 Crossbowman
20:54 Double-Bit Axe
22:13 Gold Mining
22:35 Bow Saw
26:05 Elite Skirmisher
26:52 Padded Archer Armor
AgRiMz
5:50 Loom
15:02 Feudal Age
19:51 Castle Age
18:26 Double-Bit Axe
18:34 Stone Mining
20:46 Bow Saw
21:00 Fletching
25:34 Horse Collar
28:23 Wheelbarrow
27:50 Town Watch
28:36 Bodkin Arrow
30:43 Padded Archer Armor
arsenalchelsea2
4:27 Loom
12:12 Feudal Age
13:31 Double-Bit Axe
15:34 Fletching
21:19 Castle Age
19:26 Horse Collar
21:59 Bodkin Arrow
21:25 Crossbowman
22:47 Padded Archer Armor
27:31 Stone Mining
35:01 Imperial Age
Keelee
3:09 Loom
13:29 Feudal Age
14:42 Double-Bit Axe
17:39 Castle Age
16:07 Stone Mining
16:49 Horse Collar
17:01 Fletching
17:40 Padded Archer Armor
22:12 Gold Mining
23:28 Ballistics
24:35 Wheelbarrow
24:12 Bodkin Arrow
25:48 Bloodlines
26:22 Leather Archer Armor
26:51 Heavy Plow
27:16 Husbandry
34:20 Imperial Age
32:19 Bow Saw
职业杀猪
4:27 Loom
13:25 Feudal Age
14:05 Double-Bit Axe
21:34 Castle Age
30:37 Imperial Age
28:53 Gold Mining
29:50 Fletching
30:52 Bodkin Arrow
一一
5:33 Loom
13:30 Feudal Age
18:03 Castle Age
16:57 Fishing Lines
17:20 Fletching
20:09 Horse Collar
22:32 Bodkin Arrow
23:15 Town Watch
23:49 Double-Bit Axe
26:20 Wheelbarrow
26:39 Horse Collar
28:23 Heavy Plow
28:36 Bow Saw
31:47 Gillnets
32:34 Town Patrol
Connection lost

Rejoining the realm…

Still unreachable

The connection could not be restored.

Session expired

The server has moved on; the page needs a fresh start.